[Event "FIDE WY-U16 Olympiad 2022"]
[Site "Nakhchivan"]
[Date "2022.10.05"]
[Round "4.6"]
[White "Israilov, Agil"]
[Black "Triboi, Alexander"]
[Result "1-0"]
[ECO "C60"]
[WhiteElo "1883"]
[BlackElo "1974"]
[Annotator "TA"]
[PlyCount "53"]
[EventDate "2022.10.02"]
[EventType "team-tourn"]
[EventCountry "AZE"]
[SourceTitle "playchess.com"]
[Source "ChessBase"]
[SourceQuality "1"]
[WhiteTeam "Azerbaijan"]
[BlackTeam "Moldova"]
[WhiteTeamCountry "AZE"]
[BlackTeamCountry "MDA"]
[TimeControl "40/5400+30:1800+30"]

1. e4 e5 2. Nf3 Nc6 3. Bb5 g6 4. Nc3 Bg7 5. d4 Nxd4 6. Nxd4 {[%emt 0:00:18] C60: Ruy Lopez: Unusual Black 3rd moves and 3...g6.} exd4 7. Ne2 {[%emt 0:00:12] [#]} c5 $146 ({Black should play} 7... c6 $17 {aiming for ...Qa5+.} 8. Bc4 Qa5+ 9. Qd2 Qc5) ({Predecessor:} 7... c6 8. Bc4 Nf6 9. Qxd4 O-O 10. Bd3 d5 11. e5 Ng4 12. f4 f6 13. exf6 Bxf6 {0-1 (28) Abdumalik,Z (2478)-Lagno,K (2546) Chess.com INT 2020}) 8. O-O {[%emt 0:03:27] Black is slightly better.} Ne7 9. c3 O-O 10. cxd4 cxd4 11. Bg5 h6 12. Bh4 g5 13. Bg3 d5 14. e5 Nf5 15. Re1 f6 (15... Qb6 $5 16. Bd3 Qxb2 $15) 16. e6 Qb6 {[%emt 0:08:36] [#] This costs Black the game.} (16... Bxe6 $11 {and Black stays safe.} 17. Nxd4 Nxd4 18. Qxd4 Bf7) 17. Nxd4 $1 $18 {[%emt 0:02:58][%mdl 576] Deflection} Nxd4 18. e7 Be6 {[%emt 0:05:30] Threatens to win with ...Rfe8.} 19. exf8=Q+ Bxf8 20. Bd3 {[%emt 0:00:51] Hoping for Qh5.} Bb4 $2 (20... f5) 21. Qh5 Bf8 $2 (21... Bf5) 22. Qg6+ Bg7 23. Rac1 Bf7 24. Qh7+ Kf8 25. Bc7 (25. Rc7 $142 {Threatening mate with Ree7.} Ne6 {[#]} 26. Rxb7 $3 ) 25... Bg8 26. Bxb6 Bxh7 (26... axb6 $142 27. Qg6 Bf7 28. Qxf7+ Kxf7 29. Rc7+ Kg8 30. Rxb7 Bf8) 27. Bc5+ {[%emt 0:00:33] Weighted Error Value: White=0.26 (precise) /Black=0.43} 1-0

[Event "FIDE WY-U16 Olympiad 2022"]
[Site "Nakhchivan"]
[Date "2022.10.05"]
[Round "4.7"]
[White "Nurmanova, Alua"]
[Black "Yavuz, Efe Metehan"]
[Result "1/2-1/2"]
[ECO "B12"]
[WhiteElo "2188"]
[BlackElo "2223"]
[Annotator "TA"]
[PlyCount "94"]
[EventDate "2022.10.02"]
[EventType "team-tourn"]
[EventCountry "AZE"]
[SourceTitle "playchess.com"]
[Source "ChessBase"]
[SourceQuality "1"]
[WhiteTeam "Kazakhstan"]
[BlackTeam "Turkey"]
[WhiteTeamCountry "KAZ"]
[BlackTeamCountry "TUR"]
[TimeControl "40/5400+30:1800+30"]

1. e4 c6 2. d4 d5 3. e5 Bf5 4. h4 h6 5. c4 e6 6. Nc3 {[%emt 0:00:13] B12: Caro-Kann: Advance Variation.} Ne7 7. h5 Nd7 {[%emt 0:06:45] [#]} 8. Be3 $146 ({Predecessor:} 8. cxd5 Nxd5 9. Bc4 Nb4 10. Bb3 c5 11. Nge2 c4 12. Ba4 a6 13. Ng3 Bh7 14. O-O {0-1 (27) Michalek,J (2320)-Clery,N (2349) Czech Republic 2008}) 8... dxc4 9. Bxc4 Nb6 10. Bb3 (10. Bd3) 10... Ned5 11. g4 Bh7 12. Nge2 a5 13. a3 (13. Nxd5 $11 Nxd5 14. Bxd5 Bb4+ 15. Kf1 Qxd5 16. Rh2) 13... Be7 14. Qd2 a4 15. Ba2 Nxc3 16. Nxc3 Nd5 17. f4 Qd7 18. O-O g6 19. hxg6 Bxg6 20. Bxd5 cxd5 21. Qf2 Rg8 22. Kh2 Bd3 23. Rg1 O-O-O 24. Rac1 Kb8 25. Qd2 Bc4 26. Ne4 Qb5 27. Nc3 Qb3 28. Rg3 Bh4 29. Rg2 Rg7 30. Kh3 Be7 31. Bf2 Rdg8 32. Rg3 (32. Bh4 $14 Bxh4 33. Kxh4) 32... Qb6 $11 33. Nxa4 Qa6 $36 {[%emt 0:02:00][%mdl 2048] Black has the initiative.} 34. Nc3 (34. Qc2 $11 {keeps the balance.}) 34... Bf1+ $17 {[%mdl 64] [#] Deflection} 35. Kh2 Rxg4 36. Rxg4 Rxg4 37. Nd1 {[%emt 0:02:31] Strongly threatening Ne3.} Be2 38. Nc3 Bd3 39. Rg1 Rxg1 40. Bxg1 Bc4 41. Qg2 Qb6 42. Qg8+ Ka7 43. b4 Bh4 (43... Qa6 $17 44. Qg3 (44. Qxf7 $2 Qxa3 45. Qxe7 Qb2+ 46. Kh1 Qxc3 $19) 44... h5) 44. Qxf7 $11 {[%emt 0:00:00] The position is equal.} Be1 {[%emt 0:00:20] A strong pair of Bishops.} 45. Nd1 Be2 46. Ne3 Bf3 {[%emt 0:04:26] Threatens to win with ...Qb5.} 47. Qe7 Qa6 {[%emt 0:05:49] Weighted Error Value: White=0.14 (very precise) /Black=0.14 (very precise)} (47... Qxd4 $2 {[#]} 48. Nf5 $1 Qxg1+ 49. Kxg1 $18) 1/2-1/2

[Event "FIDE WY-U16 Olympiad 2022"]
[Site "Nakhchivan"]
[Date "2022.10.05"]
[Round "4.7"]
[White "Bargan, Victoria"]
[Black "Alizada, Pasham"]
[Result "0-1"]
[ECO "D85"]
[WhiteElo "1703"]
[BlackElo "1664"]
[Annotator "NA RC COMBH"]
[PlyCount "60"]
[EventDate "2022.10.02"]
[EventType "team-tourn"]
[EventCountry "AZE"]
[SourceTitle "playchess.com"]
[Source "ChessBase"]
[SourceQuality "1"]
[WhiteTeam "Moldova"]
[BlackTeam "Azerbaijan"]
[WhiteTeamCountry "MDA"]
[BlackTeamCountry "AZE"]
[TimeControl "40/5400+30:1800+30"]

1. d4 Nf6 2. c4 g6 3. Nc3 d5 4. cxd5 Nxd5 5. e4 Nxc3 6. bxc3 Bg7 7. Nf3 c5 8. Be3 Qa5 9. Qd2 O-O 10. Rc1 Rd8 11. d5 Nc6 12. c4 Nb4 13. h4 h5 14. Be2 b6 15. Bg5 f6 16. a3 Qxa3 17. O-O Qa2 18. Qe3 fxg5 19. Qxg5 Bg4 20. Bd1 Qb2 21. e5 Kh7 22. Qxe7 Rd7 23. Ng5+ Kg8 24. e6 Rxe7 25. Bxg4 hxg4 26. d6 Rxe6 27. Nxe6 Qe5 28. d7 Qxe6 29. Rcd1 Rd8 30. Rfe1 Qf7 0-1

[Event "FIDE WY-U16 Olympiad 2022"]
[Site "Nakhchivan"]
[Date "2022.10.05"]
[Round "4.8"]
[White "Kayis, Gulcan Sena"]
[Black "Akhilbay, Imangali"]
[Result "0-1"]
[ECO "B22"]
[WhiteElo "1702"]
[BlackElo "2098"]
[Annotator "TA"]
[PlyCount "74"]
[EventDate "2022.10.02"]
[EventType "team-tourn"]
[EventCountry "AZE"]
[SourceTitle "playchess.com"]
[Source "ChessBase"]
[SourceQuality "1"]
[WhiteTeam "Turkey"]
[BlackTeam "Kazakhstan"]
[WhiteTeamCountry "TUR"]
[BlackTeamCountry "KAZ"]
[TimeControl "40/5400+30:1800+30"]

1. e4 c5 2. c3 Nf6 3. e5 Nd5 4. Nf3 Nc6 5. d4 cxd4 6. cxd4 d6 7. Bc4 dxe5 8. dxe5 Be6 {[%emt 0:00:41][%cal Od5f4] B22: Sicilian: 2 c3.} 9. O-O g6 10. Ng5 Bg7 {[%emt 0:02:40] The position is equal.} 11. f4 O-O {[%emt 0:09:11][%cal Od5f4] And now ...Nxf4! would win.} 12. Nxe6 fxe6 13. Qg4 (13. Nc3) ({White should try} 13. Nc3 $14) 13... Qb6+ 14. Kh1 {[%emt 0:00:52] [#]} Nd4 $146 {[%emt 0:00:06] [#] White must now prevent ...Nc2.} ({Predecessor:} 14... Kh8 15. Qxe6 Ne3 16. Bxe3 Qxe3 17. Qg4 Nxe5 18. fxe5 Rxf1+ 19. Bxf1 Qc1 20. Qc4 Qxb2 21. Qc3 Bxe5 {0-1 (21) Da Silva Junior,S (2011)-Delgado Ramirez,N (2623) Curitiba 2019}) 15. Bxd5 (15. Nc3) 15... exd5 16. Nc3 {[%emt 0:00:45] Be3 is the strong threat.} Qa6 17. Qd1 Rad8 18. Re1 Ne6 $40 {[%emt 0:07:32][%cal Bd4e6,Be6c5,Bc5d3][%mdl 160] White needs to defend precisely.} 19. Qb3 $2 {[%emt 0:13:03] [#] This costs White the game.} (19. Nxd5 Qa5 20. Nxe7+ Kf7 $17) (19. Qf3 $15) 19... Nc5 $19 ({Resist} 19... Nxf4 20. Bxf4 Rxf4 21. Nxd5 $18) 20. Qb5 Nd3 21. Re2 (21. Qxa6 $17 bxa6 22. Rf1) 21... Qxb5 ({Don't blunder} 21... Nxf4 $2 22. Bxf4 Rxf4 23. Qxa6 bxa6 24. Rd1) 22. Nxb5 Bxe5 23. g3 Bf6 {[%emt 0:00:28] Black is more active.} 24. Rd2 (24. Be3 $17) 24... Nc5 25. Rb1 a6 26. Na3 (26. Nd4 {was called for.}) 26... d4 ({Avoid the trap} 26... Ne4 $2 27. Re2) 27. Rc2 Rc8 28. Bd2 Ne4 29. Bb4 (29. Rxc8 $142 Rxc8 30. Rc1) 29... Rxc2 30. Nxc2 d3 31. Ne3 Bd4 32. Nd5 (32. Nf1) 32... Rd8 {[%emt 0:01:19] Black is clearly winning.} 33. Nxe7+ Kf7 34. f5 (34. Ba5 $142 Rd7 35. Nc8) 34... Bc5 35. Bxc5 Nxc5 36. b4 d2 37. Rd1 Ne4 {[%emt 0:00:04] Weighted Error Value: White=0.76/Black=0.19 (very precise)} 0-1

[Event "FIDE WY-U16 Olympiad 2022"]
[Site "Nakhchivan"]
[Date "2022.10.05"]
[Round "4.8"]
[White "Nasibova, Narmin"]
[Black "Sustov, Savva"]
[Result "0-1"]
[ECO "B22"]
[WhiteElo "1504"]
[BlackElo "1957"]
[Annotator "TA"]
[PlyCount "134"]
[EventDate "2022.10.02"]
[EventType "team-tourn"]
[EventCountry "AZE"]
[SourceTitle "playchess.com"]
[Source "ChessBase"]
[SourceQuality "1"]
[WhiteTeam "Azerbaijan"]
[BlackTeam "Moldova"]
[WhiteTeamCountry "AZE"]
[BlackTeamCountry "MDA"]
[TimeControl "40/5400+30:1800+30"]

1. e4 c5 2. c3 Nc6 3. d4 cxd4 4. cxd4 d5 5. exd5 Qxd5 6. Nf3 e6 7. Nc3 Qd8 8. Bc4 Nf6 9. O-O Be7 10. h3 {[%emt 0:07:23] D26: Queen's Gambit Accepted: 4 e3 e6 5 Bxc5 c5 sidelines.} O-O 11. Bf4 a6 {[%emt 0:05:01] [#]} 12. Rc1 $146 {[%emt 0:10:33] The position is equal.} ({Predecessor:} 12. a3 b5 13. Ba2 Bb7 14. Qd3 Rc8 15. Rad1 g6 16. d5 exd5 17. Nxd5 Nxd5 18. Bxd5 Bf6 19. Bh6 {½-½ (31) Akshat,K (2393)-Ilincic,Z (2412) Budapest 2019}) 12... b5 13. Bb3 Na5 14. Ne5 Bb7 {[%emt 0:05:15] Prevents d5.} 15. Bc2 Rc8 16. Qd2 Nc4 17. Nxc4 Rxc4 18. Be5 Bd6 {[%emt 0:06:53] Strongly threatening ...Bxe5.} (18... Nd7 $5 19. Bf4 (19. Qd3 g6 $17) 19... Nb6 $15) 19. Rfd1 Qe7 20. Qd3 {[%emt 0:04:24] Black must now prevent Bxf6.} g6 21. Bb3 Rcc8 22. Bxd6 Qxd6 23. d5 Rcd8 24. Qd4 exd5 (24... Nxd5 $2 25. Ne4 Qf4 26. Bxd5 $18) 25. Nxd5 Bxd5 ({Better is} 25... Nxd5 26. Rc5 Rfe8 $1 27. Bxd5 Bxd5 28. Rxd5 Qxd5 29. Qxd5 Rxd5 30. Rxd5 Re1+ 31. Kh2 Re2 32. Rd8+ Kg7) 26. Bxd5 $17 ({Not} 26. Rc5 $2 Bxb3 27. Qxd6 Rxd6 28. Rxd6 Ne4 29. Rxa6 Nxc5 $19) 26... Nxd5 27. Rc5 {[%emt 0:00:09][%cal Rc5d5] [#]} Rfe8 $1 {[%emt 0:01:13] Threatens to win with ...Re5.} 28. Rxd5 Qxd5 29. Qxd5 Rxd5 30. Rxd5 $15 {[%emt 0:00:07][%mdl 4096] Endgame KR-KR} Re1+ $1 31. Kh2 Re2 $1 32. Rd6 a5 33. b3 {[%emt 0:00:46] Loses the game.} (33. Rb6 $17) 33... Rxa2 $19 ({And not} 33... Rxf2 34. Rd5 $17) 34. Rb6 {[%emt 0:00:28] [#]} (34. Rd5 {was worth a try.}) 34... b4 $1 (34... Rxf2 35. Rxb5 Ra2 36. Kg3 $17) 35. Kg1 Kf8 {[%emt 0:01:20] aiming for ...Ke7.} 36. Rb7 Kg7 37. Rb6 Kh6 38. g3 Kg5 39. Rb5+ f5 40. Rb6 $2 (40. h4+ Kf6 41. Kf1) 40... Ra3 41. Rb5 Kf6 42. h4 Ke6 ({Worse is} 42... Rxb3 43. Rxa5 Rc3 44. Rb5 $17) 43. h5 Kf6 (43... Kd6 $142 44. h6 Kc6) 44. Rb6+ $2 (44. Kg2 {only move.}) 44... Kg5 {[%emt 0:00:00] Black is clearly winning.} 45. hxg6 (45. Rb5 $142 Kxh5 46. Kg2) 45... hxg6 46. Rb5 Kg4 47. Kg2 Ra2 48. Rb6 g5 49. Rb5 f4 50. gxf4 gxf4 51. Rb8 f3+ 52. Kg1 Ra3 53. Rb5 Kf4 54. Kh2 Ke4 55. Rh5 Kd4 56. Kg3 Kc3 57. Kxf3 Kxb3 58. Ke4 a4 59. f4 Ra1 60. f5 Re1+ 61. Kd4 Rf1 62. Rh3+ Ka2 63. Kc5 b3 64. Kb5 a3 65. Kc4 Rf4+ 66. Kc3 b2 67. Rh2 Ka1 {[%emt 0:00:00] Weighted Error Value: White=0.61/Black=0.10 (very precise)} 0-1

[Event "FIDE WY-U16 Olympiad 2022"]
[Site "Nakhchivan"]
[Date "2022.10.05"]
[Round "4.9"]
[White "Madaminov, Mukhiddin"]
[Black "Nemsadze, Daviti"]
[Result "1/2-1/2"]
[ECO "A35"]
[WhiteElo "2441"]
[BlackElo "2012"]
[Annotator "TA"]
[PlyCount "95"]
[EventDate "2022.10.02"]
[EventType "team-tourn"]
[EventCountry "AZE"]
[SourceTitle "playchess.com"]
[Source "ChessBase"]
[SourceQuality "1"]
[WhiteTeam "Uzbekistan"]
[BlackTeam "Georgia"]
[WhiteTeamCountry "UZB"]
[BlackTeamCountry "GEO"]
[TimeControl "40/5400+30:1800+30"]

1. Nf3 Nf6 2. c4 c5 3. Nc3 Nc6 4. e3 d5 5. d4 e6 6. a3 cxd4 7. exd4 Be7 8. cxd5 exd5 {[%emt 0:03:11] was the old line (8...Nxd5).} 9. h3 {[%emt 0:00:18] D40: Queen's Gambit Declined: Semi-Tarrasch with 5 e3.} Bf5 10. Bb5 O-O {[%emt 0:01:06] [#]} 11. Bxc6 $146 ({Predecessor:} 11. O-O Rc8 12. Re1 a6 13. Bd3 Bxd3 14. Qxd3 Re8 15. Bg5 Qd6 16. Re5 h6 17. Bxf6 Bxf6 18. Rxd5 {1-0 (46) Kislinsky,A (2364)-Tulchynskyi,F (2146) Kiev 2022}) 11... bxc6 12. O-O Ne4 13. Na4 (13. Bf4 $11) 13... Bd6 $1 $17 14. Be3 Re8 15. Rc1 Qd7 {[%emt 0:00:24][%cal Of5h3] next ...Bxh3! is good for Black.} 16. Re1 {[%emt 0:15:03] [#]} (16. Ne5 $1 $11 Qb7 17. Bf4) 16... Rac8 (16... Bxh3 $1 $17 {And now ...Qg4 would win.} 17. Ne5 Bxe5 18. dxe5 Rxe5) 17. Ne5 $11 {[%emt 0:11:37] Prevents Qg4.} Bxe5 18. dxe5 Rxe5 19. Bf4 Re7 $36 {[%emt 0:03:07][%mdl 2048] Black fights for an advantage.} 20. Qd4 (20. f3 $11 {remains equal.} Nd6 21. Nc5) 20... c5 $1 $17 21. Qd1 c4 22. f3 Nf6 23. Rxe7 Qxe7 24. Qd4 Be6 25. Be5 (25. Nc3 $11) 25... Nd7 26. Bf4 Nc5 ({Better is} 26... Nb8 $17 {aiming for ...Nc6.} 27. Bxb8 (27. Nc3 $2 Nc6 $17) 27... Rxb8) 27. Nxc5 $15 Qxc5 28. Be3 Qxd4 29. Bxd4 {[%emt 0:00:03][%mdl 4096] Endgame KRB-KRB} a5 30. Kf2 a4 31. g4 f5 32. Re1 Kf7 33. Kg3 g6 34. Kf4 {[%emt 0:06:58] The position is equal.} h6 35. g5 h5 36. h4 Re8 37. Re5 Rb8 38. Ke3 Rb3+ 39. Bc3 Rb8 40. f4 Rd8 41. Kd4 Rc8 42. Re3 Rc6 43. Bb4 Rc8 44. Bd6 Rc6 45. Bc5 Rc8 46. Bb4 Rc7 47. Bc3 Rc8 48. Bb4 {[%emt 0:00:00] Weighted Error Value: White=0.13 (very precise) /Black=0.12 (very precise)} 1/2-1/2

[Event "FIDE WY-U16 Olympiad 2022"]
[Site "Nakhchivan"]
[Date "2022.10.05"]
[Round "4.9"]
[White "Seyid, Huseyn"]
[Black "Wiratunga, Jenith"]
[Result "1-0"]
[ECO "E53"]
[WhiteElo "2125"]
[BlackElo "1824"]
[Annotator "TA"]
[PlyCount "141"]
[EventDate "2022.10.02"]
[EventType "team-tourn"]
[EventCountry "AZE"]
[SourceTitle "playchess.com"]
[Source "ChessBase"]
[SourceQuality "1"]
[WhiteTeam "Azerbaijan"]
[BlackTeam "Sri Lanka"]
[WhiteTeamCountry "AZE"]
[BlackTeamCountry "SRI"]
[TimeControl "40/5400+30:1800+30"]

1. d4 Nf6 2. c4 e6 3. Nc3 Bb4 4. e3 O-O 5. Bd3 d5 6. Nf3 c5 7. O-O cxd4 8. exd4 dxc4 9. Bxc4 Nc6 10. a3 Be7 11. Re1 b6 12. Qd3 {[%emt 0:01:33] Recently 12.Ba2 got a lot of attention.} Bb7 13. Ba2 Qd7 {[%emt 0:05:19] E57: Nimzo-Indian: Rubinstein: Main Line: 7...Nc6 8 a3 dxc4 9 Bxc4 cxd4.} 14. Bg5 Rfd8 {[%emt 0:09:02] [#]} (14... h6 $14 15. Bh4 Rad8) 15. Rad1 $1 $16 {[%emt 0:00:10] [#] Hoping for d5. White is more active.} a6 $146 (15... Nd5 $16) ({Predecessor:} 15... g6 16. d5 Nxd5 17. Nxd5 Bxg5 18. Nxg5 exd5 19. Bxd5 Qf5 20. Qxf5 gxf5 21. Nxf7 Rxd5 22. Rxd5 Kxf7 23. Rd7+ Kf6 24. Rxb7 {1-0 (26) Rizouk,A (2438)-Pintor,A (2093) Mondariz 2006}) 16. Ne2 $2 (16. d5) (16. d5 $18) 16... Nd5 (16... h6 17. Bh4 Nh5) 17. Bb1 g6 18. Bxe7 Qxe7 19. Nc3 Na5 20. Ne4 Rac8 21. Ba2 {[%emt 0:01:51] Inhibits Nc4.} Nf6 22. Neg5 Nd5 (22... Bxf3 $5 23. Qxf3 Nc4 $11) 23. h4 {[%emt 0:08:13] And now Ne5 would win.} (23. b4 $5 Nc6 24. Qd2 $11) 23... Nf4 24. Qe3 Qf6 25. Ne4 Qf5 26. Nfd2 (26. d5 $11 Bxd5 27. Qxb6 Nxg2 28. Kxg2 (28. Rxd5 $2 exd5 29. Nf6+ Kg7 $19) 28... Qg4+ 29. Kh2 Qf4+ 30. Kg2 Qg4+ 31. Kh2 Qf4+ 32. Kg2 Qg4+) 26... Nd5 ({Black should try} 26... Rc2 $17 27. d5 Bxd5) 27. Qh6 Qh5 {[%emt 0:01:52] White leaves nothing to chance now.} (27... Nf6 $11 28. Nxf6+ Qxf6) 28. Qxh5 gxh5 {[%emt 0:00:01] [#]} 29. b4 $1 Nc6 30. Bxd5 exd5 31. Nf6+ Kf8 32. Nf3 ({Much less strong is} 32. Nxh7+ Kg7 $16) 32... Rd6 33. Nxh7+ {[%emt 0:00:45] Pair of Knights!} Kg8 (33... Kg7 $16 {was worth a try.}) 34. Nhg5 $18 b5 35. Rc1 Kg7 36. g3 Rc7 (36... Nd8 $142 37. Rc5 Rdc6) 37. Kg2 Rdd7 38. Nh3 a5 39. Rb1 axb4 40. axb4 Rd6 41. Nf4 Bc8 42. Nxh5+ Kh6 43. Nf4 {[%emt 0:00:00] Threatens to win with Rbc1.} Bf5 44. Rbc1 {[%emt 0:00:00] Ne5 is the strong threat.} Ra7 $2 {[%emt 0:00:53] [#]} (44... Be4 45. Re3 Rcd7) 45. Nxd5 $1 Be6 46. Nf4 {[%emt 0:00:00][%cal Od4d5] aiming for d5!} Bc4 {[%emt 0:00:17] Prevents d5.} 47. Ne5 Nxe5 48. dxe5 ({Less strong is} 48. Rxe5 Rxd4 49. Rh5+ Kg7 50. Rg5+ Kh7 $18) 48... Rd2 49. Red1 Rb2 50. Rd6+ Kh7 51. e6 fxe6 52. Nxe6 Raa2 53. Ng5+ Kg7 54. Nh3 Rxb4 55. Re1 Re2 56. Rxe2 Bxe2 {[%emt 0:00:03][%mdl 4096] Endgame KRB-KRN} 57. Nf4 Bc4 58. Kf3 Rb2 59. Rd4 Bf7 60. Nd3 Rb3 61. Kf4 Bc4 (61... Ra3 $142 62. Rd7 Kh6 63. Rd6+ Kg7) 62. Ne5 Bg8 63. Kg5 {[%emt 0:00:24] White threatens h5 and mate.} Ra3 64. Rd7+ Kf8 65. Rd8+ Kg7 66. h5 Ra6 67. h6+ Kh7 68. Rd7+ Kh8 69. Ng6+ Rxg6+ 70. Kxg6 b4 71. h7 {[%emt 0:00:25] Weighted Error Value: White=0.21 (precise) /Black=0.37} 1-0

[Event "FIDE WY-U16 Olympiad 2022"]
[Site "Nakhchivan"]
[Date "2022.10.05"]
[Round "4.10"]
[White "Kiriella, K G T S D"]
[Black "Abdullabayli, Rajab"]
[Result "1/2-1/2"]
[ECO "B28"]
[WhiteElo "1907"]
[BlackElo "1547"]
[Annotator "TA"]
[PlyCount "63"]
[EventDate "2022.10.02"]
[EventType "team-tourn"]
[EventCountry "AZE"]
[SourceTitle "playchess.com"]
[Source "ChessBase"]
[SourceQuality "1"]
[WhiteTeam "Sri Lanka"]
[BlackTeam "Azerbaijan"]
[WhiteTeamCountry "SRI"]
[BlackTeamCountry "AZE"]
[TimeControl "40/5400+30:1800+30"]

1. e4 c5 2. Nf3 a6 3. g3 b6 4. Bg2 Bb7 5. Nc3 e6 6. d4 {[%emt 0:01:22] [#] B28: Sicilian: 2 Nf3 a6 (O'Kelly Variation).} Nf6 $146 (6... cxd4 $14 7. Nxd4 (7. Qxd4 Nc6 $14) 7... d6) ({Predecessor:} 6... cxd4 7. Nxd4 Ne7 8. O-O Nec6 9. Be3 Be7 10. f4 O-O 11. Kh1 b5 12. a3 d6 {1-0 (51) Chigaev,M (2588)-Barria Zuniga,D (2341) Chess.com INT 2020}) 7. Bg5 (7. d5 $16) 7... Be7 8. Bxf6 {[%emt 0:04:33] White is better.} Bxf6 9. e5 Be7 {[%emt 0:01:19] [#]} 10. d5 $1 d6 11. dxe6 fxe6 12. exd6 Qxd6 13. Qxd6 Bxd6 {[%emt 0:00:02] A strong pair of Bishops.} 14. O-O-O Be7 15. Ne1 Bxg2 16. Nxg2 O-O 17. Ne4 Nc6 18. Nf4 Rf5 19. Rd7 {[%emt 0:15:44] Hoping for Rc7.} ({Worse is} 19. Nxe6 Re5 20. N6xc5 (20. Nc7 $2 Rc8 $19) 20... Bxc5 21. Nxc5 Rxc5 $17) 19... Rc8 {[%emt 0:12:42] Against Rc7} 20. Nd6 {[%emt 0:06:28] White has more active pieces.} Bxd6 21. Rxd6 Rf6 (21... Nb4 $16 {was necessary.}) 22. Rxe6 (22. Rhd1 $18 {has better winning chances.}) 22... Rxe6 $16 23. Nxe6 $18 {[%emt 0:00:06][%mdl 4096] Endgame KRN-KRN} Re8 {[%emt 0:00:08] [#]} 24. Nf4 Nd4 25. h4 Kf7 26. Rf1 Re5 27. Kd1 c4 28. Re1 Kf6 29. c3 Nf3 30. Rxe5 Kxe5 31. Ke2 (31. Ng2 $14) 31... Nxh4 $1 $11 32. Nh3 {[%emt 0:03:45] Weighted Error Value: White=0.18 (very precise) /Black=0.19 (very precise)} 1/2-1/2

[Event "FIDE WY-U16 Olympiad 2022"]
[Site "Nakhchivan"]
[Date "2022.10.05"]
[Round "4.10"]
[White "Kirtadze, Anastasia"]
[Black "Begmuratov, Khumoyun"]
[Result "0-1"]
[ECO "C60"]
[WhiteElo "1814"]
[BlackElo "2367"]
[Annotator "TA"]
[PlyCount "98"]
[EventDate "2022.10.02"]
[EventType "team-tourn"]
[EventCountry "AZE"]
[SourceTitle "playchess.com"]
[Source "ChessBase"]
[SourceQuality "1"]
[WhiteTeam "Georgia"]
[BlackTeam "Uzbekistan"]
[WhiteTeamCountry "GEO"]
[BlackTeamCountry "UZB"]
[TimeControl "40/5400+30:1800+30"]

1. e4 e5 2. Nf3 Nc6 3. Bb5 g6 4. O-O Bg7 5. c3 a6 6. Ba4 d6 7. h3 Bd7 8. d4 Nge7 {[%emt 0:02:24][%cal Bg8e7,Be7c8,Bc8d6][%mdl 32] C76: Ruy Lopez: Deferred Steinitz: 5 c3 Bd7 6 d4 g6.} 9. dxe5 {[%emt 0:06:36] now supersedes 9.Be3.} dxe5 {[%emt 0:01:51] [#]} 10. b4 $146 ({Predecessor:} 10. Bg5 f6 11. Be3 Be6 12. Qc2 O-O 13. Nbd2 Qc8 14. Rfd1 Rd8 15. a3 Bf8 16. b4 {0-1 (53) Rathnakaran,K (2316)-Mirzoev,A (2476) Ahmedabad 2022}) 10... O-O {[%emt 0:00:04] The position is equal.} 11. Bb3 Nc8 12. Be3 b6 13. Qc2 Nd6 14. Rd1 (14. Na3 $14) 14... a5 $11 15. Qd3 Qb8 (15... axb4 $15 {keeps the upper hand.} 16. a4 bxa3 17. Nxa3 Na5) 16. b5 $16 Nd8 17. a4 Kh8 (17... Be6 $14 18. c4 N8b7) 18. Bd5 N8b7 19. Qd2 (19. Nbd2 $16) 19... Qe8 20. Na3 ({Don't play} 20. Bxb7 Nxb7 21. c4 (21. Qxd7 Rd8 $17) 21... Be6 $11) (20. c4 $14) 20... Rd8 21. Qc2 (21. Qa2 $5 ) 21... f5 22. Bg5 ({White should play} 22. Bxb7 $14 Nxb7 23. Nc4) 22... Rb8 $11 23. Nd2 {[%emt 0:01:10] [#]} (23. Be3 $11) 23... h6 $1 $17 24. Bh4 g5 25. Bg3 f4 26. Bh2 Be6 27. Nac4 Rd8 (27... h5 $15) 28. f3 (28. Nxd6 $11 Nxd6 29. c4) 28... Nc5 ({Black should try} 28... Nxc4 $17 29. Nxc4 Bxd5 30. exd5 Qf7) 29. Nxd6 $11 Rxd6 ({But not} 29... cxd6 30. Nc4 $16) 30. Nc4 (30. c4 $11) 30... Rd8 $36 {[%emt 0:00:14][%mdl 2048] Black has good play.} 31. Kh1 Bxd5 32. exd5 (32. Rxd5 $15 Rxd5 33. exd5) 32... e4 $17 33. fxe4 $2 {[%emt 0:00:49] Now White is beyond hope.} (33. d6 $17 {keeps fighting.} exf3 34. dxc7) 33... Qxe4 $19 34. Na3 (34. Qxe4 $142 Nxe4 35. Bg1) 34... Rfe8 35. Rac1 Rxd5 36. c4 Qxc2 {[%emt 0:00:13] Black is clearly winning.} 37. Nxc2 Rxd1+ 38. Rxd1 Nxa4 39. Bg1 Re2 40. Rd8+ (40. Nd4 $142 Nb2 41. Rb1) 40... Kh7 41. Nd4 Rd2 42. Rd7 Kg6 43. h4 gxh4 {[%emt 0:00:00] Threatens to win with ...Nc3.} 44. Rd5 Nc3 45. Nf3 Rxd5 46. cxd5 Nxd5 {[%emt 0:00:00] [#] Hoping for ...a4.} 47. Nxh4+ Kh5 48. Nf5 Be5 {[%emt 0:00:00] aiming for ...a4.} 49. Bd4 Kg5 {[%emt 0:00:00] Weighted Error Value: White=0.67/Black=0.15 (very precise)} 0-1